 Dungeon Crawl Stone Soup version 0.15.0-13-gb296d5c (webtiles) character file.

67 Aelig the Sneak (level 4, -2/28 HPs)
             Began as an Octopode Transmuter on Sept 3, 2014.
             Slain by an adder (4 damage)
             ... on Level 2 of the Dungeon.
             The game lasted 00:02:10 (1416 turns).

Aelig the Sneak (Octopode Transmuter)               Turns: 1416, Time: 00:02:10

HP  -2/28        AC  1     Str  9      XL: 4   Next: 16%
MP   7/7         EV 12     Int 16      God:
Gold 58          SH  0     Dex 12      Spells:  3 memorised,  1 level left

rFire  + . .     SeeInvis .       - Unarmed
rCold  + . .     Clarity  .     (no shield)
rNeg   . . .     rCorr    +     (helmet restricted)
rPois  +         rRot     .     (no amulet)
rElec  +         Spirit   .     (no ring)
SustAb .         Warding  .     (no ring)
rMut   .         Stasis   .     (no ring)
Gourm  .                        (no ring)
MR     .....                    (no ring)
                                (no ring)
                                (no ring)
                                (no ring)

@: lethally poisoned, resistant, not resistant to hostile enchantments, stealthy
A: almost no armour, amphibious, 8 rings, constrict 8, camouflage 1, gelatinous
body 1
a: no special abilities


You were on level 2 of the Dungeon.
You were not hungry.

You visited 1 branch of the dungeon, and saw 2 of its levels.

You collected 58 gold pieces.

Inventory:

Missiles
 b - 12 arrows
 k - 22 stones (quivered)
Magical devices
 l - a wand of slowing (8) {unknown}
Comestibles
 a - 3 bread rations
 c - a meat ration
 i - a slice of pizza
 m - 2 rotting chunks of hobgoblin flesh
 n - a chunk of worm flesh
Scrolls
 g - 2 scrolls of remove curse {unknown}
 h - a scroll of identify {unknown}
 j - a scroll of recharging {unknown}
Potions
 f - 2 potions of heal wounds {unknown}
Books
 d - a book of Changes

   Spells                             Type                      Level
   *Beastly Appendage                 Transmutation                1
   *Sticks to Snakes                  Transmutation                2
   *Spider Form                       Transmutation/Poison         3
   Ice Form                           Ice/Transmutation            4
   Blade Hands                        Transmutation                5


   Skills:
 - Level 1.0 Fighting
 - Level 2.0 Dodging
 - Level 5.1 Stealth
 - Level 3.0 Unarmed Combat
 - Level 2.0 Spellcasting
 + Level 2.2 Transmutations


You had one spell level left.
You knew the following spells:

 Your Spells              Type           Power        Failure   Level  Hunger
a - Beastly Appendage     Trmt           #.....       10%         1    #......
b - Sticks to Snakes      Trmt           #.........   14%         2    ###....
c - Spider Form           Trmt/Pois      #.........   38%         3    ####...


Dungeon Overview and Level Annotations

Branches:
Dungeon (2/15)

Altars:


Innate Abilities, Weirdness & Mutations

You cannot wear most types of armour.
You are amphibious.
You can wear up to eight rings at the same time.
You can use your tentacles to constrict many enemies at once.
Your skin changes colour to match your surroundings (Stealth).
Your rubbery body absorbs attacks (AC +1).


Message History

You tentacle-slap the adder. Your grab misses the adder.
Your squeeze misses the adder.
The adder is moderately wounded.
The adder barely misses you. The hobgoblin closely misses you.
The adder closely misses you.
You tentacle-slap the adder. Your grab misses the adder.
The adder is severely wounded.
The hobgoblin hits you.
* * * LOW HITPOINT WARNING * * *
The adder bites you.
* * * LOW HITPOINT WARNING * * *
You are lethally poisoned!
The adder poisons you!
You are too injured to fight recklessly!
Drink which item? (? for menu, Esc to quit)
You feel protected.
It was a potion of resistance.
* * * LOW HITPOINT WARNING * * *
You feel sick. The adder bites you.
You die...

#.# #.# ####
#.##...#
####......###
#...........+
#.##.....##.#
# #.....#
#.##..####
#...@g#
#....S..?.#
#.###........
# #.#.###.#
#...# # ###.#
.. # ##


You could see an adder and a hobgoblin.

Vanquished Creatures
  Jessica (D:2)
  An adder (D:2)
  2 worms (D:2)
  2 giant geckos (D:1)
  4 bats
  A giant cockroach (D:2)
  2 goblins (D:2)
  4 hobgoblins
  3 kobolds
  4 giant newts
  A rat (D:1)
25 creatures vanquished.

Notes
Turn   | Place    | Note
--------------------------------------------------------------
     0 | D:1      | Aelig, the Octopode Transmuter, began the quest for the Orb.
     0 | D:1      | Reached XP level 1. HP: 13/13 MP: 3/3
    70 | D:1      | Reached skill level 1 in Stealth
   233 | D:1      | Reached XP level 2. HP: 8/18 MP: 4/4
   848 | D:2      | Noticed Jessica
   854 | D:2      | Killed Jessica
   854 | D:2      | Reached skill level 4 in Stealth
   854 | D:2      | Reached XP level 3. HP: 23/23 MP: 4/6
   858 | D:2      | Learned a level 2 spell: Sticks to Snakes
   862 | D:2      | Learned a level 3 spell: Spider Form
  1266 | D:2      | Reached skill level 5 in Stealth
  1266 | D:2      | Reached XP level 4. HP: 28/28 MP: 5/7
  1416 | D:2      | Slain by an adder

Action                   |  1- 3 |  4- 6 || total
-------------------------+-------+-------++-------
Melee: Unarmed           |    55 |    21 ||    76
 Cast: Beastly Appendage |     2 |       ||     2
       Spider Form       |     1 |     1 ||     2
  Use: Potion            |       |     1 ||     1
 Stab: Sleeping          |     7 |     1 ||     8
  Eat: Chunk             |     1 |     1 ||     2
